 Dungeon Crawl Stone Soup version 0.23-a0-577-g2b1de94 (webtiles) character file.

924 Lanoc the Cudgeler (level 7, -1/68 HPs)
             Began as a Troll Chaos Knight on Dec 15, 2018.
             Was a Plaything of Xom.
             Slain by a centaur (5 damage)
             ... on level 5 of the Dungeon.
             The game lasted 00:10:15 (2751 turns).

Lanoc the Cudgeler (Troll Chaos Knight)             Turns: 2751, Time: 00:10:15

Health: -1/68      AC:  7    Str: 23    XL:     7   Next: 84%
Magic:  6/6        EV: 11    Int: 11    God:    Xom [....*.]
Gold:   280        SH:  0    Dex:  9    Spells: 6/6 levels left

rFire    + . .     SeeInvis .   a - +0 falchion (chaos)
rCold    . . .     Gourm    +   (no shield)
rNeg     . . .     Faith    .   b - +2 robe
rPois    .         Spirit   .   (helmet restricted)
rElec    .         Reflect  .   r - scarf {cloud immunity}
rCorr    .         Harm     .   (gloves unavailable)
MR       .....                  (boots unavailable)
Stlth    +.........             (no amulet)
HPRegen  0.61/turn              j - +3 ring of intelligence
MPRegen  0.10/turn              x - ring of protection from fire

@: lethally poisoned (-1 -> -1)
A: large, unfitting armour, claws 3, fast metabolism 3, gourmand, regeneration
1, shaggy fur 1, tough skin 2
a: Renounce Religion


You were on level 5 of the Dungeon.
You worshipped Xom.
You were a beloved toy of Xom.
You were completely stuffed.

You visited 2 branches of the dungeon, and saw 6 of its levels.

You collected 280 gold pieces.

Inventory:

Hand Weapons
 a - a +0 falchion of chaos (weapon)
 d - a +0 club
 g - a +0 blowgun
 w - a +0 giant spiked club
 y - a +0 giant club
Missiles
 e - 2 needles of confusion
 i - 48 poisoned needles
Armour
 b - a +2 robe (worn)
 r - a scarf of cloud immunity (worn)
Jewellery
 j - a +3 ring of intelligence (left claw)
 x - a ring of protection from fire (right claw)
Wands
 t - a wand of iceblast (6)
Scrolls
 f - 4 scrolls of immolation {unknown}
 h - 3 scrolls of teleportation {unknown}
 l - a scroll of blinking {unknown}
 n - 2 scrolls of remove curse {unknown}
 o - a scroll of magic mapping {unknown}
 p - 3 scrolls of identify {unknown}
 u - a scroll of enchant weapon {unknown}
 v - a scroll of random uselessness {unknown}
Potions
 k - a potion of invisibility {unknown}
 m - a potion of magic {unknown}
 q - a potion of ambrosia {unknown}
 s - a potion of haste
Comestibles
 c - 12 rations
 z - 2 chunks of flesh


   Skills:
 + Level 3.8 Fighting
 - Level 2.4 Long Blades
 * Level 4.3 Maces & Flails
 + Level 3.2 Throwing
 + Level 2.7 Armour
 + Level 3.6 Dodging


You had 6 spell levels left.
You didn't know any spells.
Your spell library was empty.

Dungeon Overview and Level Annotations

Branches:
Dungeon (5/15)             Temple (1/1) D:5

Altars:
Ashenzari
Cheibriados
Dithmenos
Elyvilon
Fedhas
Gozag
Hepliaklqana
Kikubaaqudgha
Makhleb
Nemelex Xobeh
Okawaru
Qazlal
Ru
Sif Muna
Trog
Uskayaw
Vehumet
Wu Jian
Xom
Yredelemnul
Zin
The Shining One

Shops:
D:4 [


Innate Abilities, Weirdness & Mutations

You are too large for most types of armour.
You have claws for hands.
Your metabolism is lightning-fast.
You like to eat raw meat.
Your natural rate of healing is unusually fast.
You are covered in fur. (AC +1)
You have very tough skin. (AC +2)


Message History

Your shadow imp dies!
You slash the ogre!
The ogre is almost dead.
The ogre misses you.
You slash the ogre!
You kill the ogre!
You feel sick.
The centaur shoots an arrow.
The arrow barely misses you.
The centaur shoots an arrow.
The arrow hits you!
* * * LOW HITPOINT WARNING * * *
The centaur unwields a +0 shortbow.
The centaur hits you.
* * * LOW HITPOINT WARNING * * *
Items here: ( ) †† a +0 giant club; 4 arrows; an ogre corpse; a worker ant corpse You barely miss the centaur.
The centaur hits you!
* * * LOW HITPOINT WARNING * * *
The centaur hits you.
* * * LOW HITPOINT WARNING * * *
You completely miss the centaur.
You feel sick. The centaur hits you.
You die...
Xom titters!

......$....
..........
#.c.......
#.........
#.........
#.(.......
####.(.......
#)(#.a.....).
##@#(........
#c(.......#.
#.......##.$
#.....### #
###..## ##.#
#..# #..#
#..#


You could see a centaur.

Vanquished Creatures
  A phantom (D:4)
  4 ogres
  A crimson imp (D:5)
  A hound (D:5)
  4 orc wizards
  A jelly (D:5)
  Terence (D:2)
  Ijyb (D:3)
  2 worker ants (D:5)
  6 adders
  An adder zombie (D:2)
  2 adder skeletons (D:2)
  2 dart slugs
  3 leopard geckos
  8 orcs
  5 ball pythons
  A bat skeleton (D:2)
  A bat zombie (D:2)
  3 giant cockroaches
  9 goblins
  6 hobgoblins
  A ball python zombie (D:2)
  12 bats
  11 frilled lizards
  A giant cockroach zombie (D:2)
  7 kobolds
  A quokka skeleton (D:2)
  14 rats
110 creatures vanquished.

Vanquished Creatures (collateral kills)
  An orc priest (D:5)
  An orc wizard (D:5)
  An adder (D:4)
  An orc (D:5)
4 creatures vanquished.

Grand Total: 114 creatures vanquished

Notes
Turn   | Place    | Note
-------+----------+-------------------------------------------
     0 | D:1      | Lanoc the Troll Chaos Knight began the quest for the Orb.
     0 | D:1      | Reached XP level 1. HP: 22/22 MP: 0/0
    57 | D:1      | Reached XP level 2. HP: 24/29 MP: 1/1
   249 | D:1      | Reached skill level 1 in Throwing
   286 | D:1      | Reached XP level 3. HP: 33/36 MP: 2/2
   442 | D:1      | Reached skill level 1 in Maces & Flails
   517 | D:2      | Noticed Terence
   535 | D:2      | Killed Terence
   535 | D:2      | Reached skill level 1 in Armour
   537 | D:2      | XOM: silly message
   541 | D:2      | Reached XP level 4. HP: 33/44 MP: 3/3
   677 | D:2      | XOM: harmless Conj miscast
   770 | D:2      | XOM: 10-stop teleportation journey
  1510 | D:3      | Noticed Ijyb
  1536 | D:3      | Killed Ijyb
  1536 | D:3      | Reached skill level 2 in Maces & Flails
  1536 | D:3      | Reached XP level 5. HP: 31/53 MP: 4/4
  1866 | D:4      | Found Okikhliorch's Armour Emporium.
  1882 | D:4      | Noticed an ogre
  1886 | D:4      | Noticed an ogre
  1892 | D:4      | XOM: potion effect (berserk rage)
  1902 | D:4      | XOM: divination: detect items
  1903 | D:4      | Killed an ogre
  1903 | D:4      | Reached XP level 6. HP: 61/61 MP: 5/5
  1912 | D:4      | Reached skill level 3 in Maces & Flails
  1973 | D:4      | XOM: potion effect (haste)
  1990 | D:4      | XOM: summons friendly white imp
  2225 | D:4      | Reached XP level 7. HP: 23/67 MP: 6/6
  2294 | D:4      | XOM: scenery: create altars
  2346 | D:4      | Found a white marble altar of Elyvilon.
  2432 | D:5      | Entered Level 5 of the Dungeon
  2461 | D:5      | Found a staircase to the Ecumenical Temple.
  2495 | D:5      | XOM: summons friendly shadow imp
  2500 | D:5      | Reached skill level 4 in Maces & Flails
  2519 | D:5      | XOM: god gift: 32 gold pieces
  2523 | D:5      | XOM: polymorph shadow imp -> quasit
  2571 | Temple   | Entered the Ecumenical Temple
  2743 | D:5      | XOM: summons 2 friendly demons
  2751 | D:5      | Slain by a centaur

Vault maps used:
D:1:      dpeg_arrival_ratfight, minivault_19
D:2:      first_ration, serial_undead, serial_undead_f, serial_undead_a,
          serial_undead_a, serial_undead_d, uniq_terence
D:3:      uniq_ijyb
D:4:      lemuel_doored_altar, serial_shops, nicolae_shop_trees
D:5:      minmay_temple_entry_large_hall, minmay_misc_feat_five, uniq_eustachio
Temple:   grunt_wide_crystal_templ

Skill      XL: |  1  2  3  4  5  6  7 |
---------------+----------------------+-----
Dodging        | 2 3 |  3.6
Throwing       | 1 2 3 |  3.2
Maces & Flails | 1 2 3 4 |  4.3
Armour         | 1 2 |  2.7
Fighting       | 3 |  3.8
Long Blades    | |  2.4

Action                   |  1- 3 |  4- 6 |  7- 9 || total
-------------------------+-------+-------+-------++-------
Melee: Falchion          |    97 |   209 |    84 ||   390
  Use: Potion            |       |     2 |       ||     2
 Stab: Petrified         |       |    22 |       ||    22
       Distracted        |       |     2 |       ||     2
       Petrifying        |       |     1 |       ||     1
       Paralysed         |       |       |     2 ||     2
  Eat: Chunk             |    11 |     9 |    12 ||    32
Armor: Robe              |    73 |   102 |    33 ||   208
Dodge: Dodged            |    87 |   128 |    53 ||   268
       Rpst.: Falchion   |    31 |    41 |    17 ||    89

Table legend:
 A = Non-vault XP
 B = Vault XP
 C = Vault XP percentage of total XP
 D = Non-vault monster count
 E = Vault monster count
 F = Vault count percentage of total count
                 A         B        C        D         E       F
            +---------+---------+-------+---------+---------+-------
      Total |    1221 |      99 |   7.5 |      99 |      15 |  13.2
            +---------+---------+-------+---------+---------+-------
        D:1 |      51 |       5 |   8.9 |      32 |       5 |  13.5
        D:2 |      42 |      59 |  58.4 |      17 |       9 |  34.6
        D:3 |      37 |      35 |  48.6 |      16 |       1 |   5.9
        D:4 |     633 |       0 |   0.0 |      15 |       0 |   0.0
        D:5 |     458 |       0 |   0.0 |      19 |       0 |   0.0
            +---------+---------+-------+---------+---------+-------
